 Dungeon Crawl Stone Soup version 0.30-a0-672-gc3a7216ad8 (webtiles) character file.

Game seed: 11945332416500666602

66 dracfodder the Digger (level 4, -3/24 HPs)
             Began as a Gargoyle Earth Elementalist on Jan 18, 2023.
             Slain by Sigmund
             ... wielding a +4 scythe of venom
              (9 damage)
             ... on level 2 of the Dungeon.
             The game lasted 00:08:39 (1520 turns).

dracfodder the Digger (Gargoyle Earth Elementalist) Turns: 1520, Time: 00:08:40

Health: -3/24      AC:  5    Str: 12    XL:     4   Next: 15%
Magic:  8/8        EV: 12    Int: 17    God:
Gold:   67         SH:  0    Dex: 10    Spells: 5/8 levels left

rFire   . . .      SeeInvis .    b - +0 whip
rCold   . . .      Faith    .    (no shield)
rNeg    + . .      Spirit   .    l - +0 robe
rPois   ∞          Reflect  .    (no helmet)
rElec   +          Harm     .    (no cloak)
rCorr   .          Rampage  .    (no gloves)
Will    .....                    (no boots)
Stlth   ++                       (no amulet)
HPRegen 0.24/turn                (no ring)
MPRegen 0.11/turn                (no ring)

@: mighty, flying, hasted, very quick
A: sickness immunity, AC +3, negative energy resistance 1, electricity
resistance, torment resistance 1, petrification resistance
a: no special abilities


You were on level 2 of the Dungeon.
You visited 1 branch of the dungeon, and saw 2 of its levels.

You collected 67 gold pieces.

Inventory:

Hand Weapons
 a - a +0 sling
 b - a +0 whip (weapon)
Armour
 l - a +0 robe (worn)
Scrolls
 c - a scroll of identify {unknown}
 g - 2 scrolls of amnesia {unknown}
 j - a scroll of torment {unknown}
 k - 2 scrolls of fog {unknown}
Potions
 e - a potion of magic
 m - a potion of attraction {unknown}
 n - a potion of berserk rage {unknown}


   Skills:
 + Level 1.7 Dodging
 + Level 2.4 Stealth
 + Level 2.7 Spellcasting
 + Level 0.7 Transmutations
 + Level 5.0 Earth Magic


You had 5 spell levels left.
You knew the following spells:

 Your Spells              Type           Power      Damage    Failure   Level
a - Sandblast             Erth           38%        2d10      2%          1
b - Passwall              Tmut/Erth      10%        N/A       9%          2

Your spell library contained the following spells:

 Spells                   Type           Power      Damage    Failure   Level
 Slow                     Hex            8%         N/A       19%         1
 Stone Arrow              Conj/Erth      20%        3d8       19%         3
 Confusing Touch          Hex            2%         N/A       47%         3
 Vampiric Draining        Necr           2%         2d6       47%         3
 Petrify                  Tmut/Erth      12%        N/A       47%         4
 Summon Forest            Summ/Tloc      1%         N/A       99%         5
 Eringya's Noxious Bog    Tmut/Pois      1%         N/A       100%        6
 Summon Hydra             Summ           1%         N/A       100%        7


Dungeon Overview and Level Annotations

Branches:
Dungeon (2/15)

Altars:

Annotations:
D:2 Sigmund


Innate Abilities, Weirdness & Mutations

You are immune to sickness and miasma.
Your stone body is resilient. (AC +3)
You are immune to poison.
You resist negative energy. (rN+)
You are resistant to electric shocks. (rElec)
You are resistant to unholy torment.
You are immune to petrification.


Message History

Press: ? - help, Q - select action, (/) - cycle Shift-Dir - straight line, f/p - gnoll
Aim: a gnoll, wielding a +0 spear (almost dead, 84% to hit)
The blast of sand hits the gnoll!
You kill the gnoll!
Your Earth Magic skill increases to level 5!
You have reached level 4!
You feel stronger.
You start resting.
A gnoll comes into view. It is wielding a +0 spear.
You start resting.
Magic restored.
Sigmund the Dreaded comes into view.
He is wielding a +4 scythe of venom.
Sigmund shouts!
A gnoll comes into view. It is wielding a +0 club.
You shoot a sling bullet.
The sling bullet closely misses Sigmund.
Sigmund casts a spell at you.
You are confused.
It was a potion of flight.
You feel very buoyant.
You fly up into the air.
Sigmund screams, "You will never...
NEVER!!!"
It was a potion of haste.
You feel yourself speed up.
It was a potion of might.
You feel very mighty all of a sudden.
b - a +0 whip (weapon)
It was a potion of curing.
You feel better.
Sigmund casts a spell.
Sigmund flickers and vanishes!
Deactivating autopickup; reactivate with Ctrl-A.
You hear a shout!
You whack something! Something hits you!
You miss something. You closely miss something. Something hits you!
You closely miss something. You miss something. Something hits you.
* * * LOW HITPOINT WARNING * * *
You whack something! You whack something! Something hits you!
You die...

)♣.P...+............>...
♣♣♣##.######.#.#.##.### #.#
#.#.#.##.# ### #######.#
#.#.#.##.. #.# #.......#
#.#.#.##.# #.# ####'####
#)#.#.##.# #.##########.#
#.#.#.##.###
.............#########.#.#.##....
#.####..........@......#.#.##.###
#.# #......############ #.......
#.# #......# ####.### #.#
#......# #......# #.# ###..###
#.##.#.# #.# ##..#### #.#.##.#.#
..# ##....# #.#.##.#.. #.##
####.# #.#.##.### ...# ).#
#.#.##.#


There were no monsters in sight!

Vanquished Creatures
  A gnoll (D:2)
  2 adders (D:2)
  A dart slug (D:2)
  3 ball pythons
  4 endoplasms
  A giant cockroach (D:1)
  8 goblins
  2 hobgoblins (D:2)
  2 jackals (D:1)
  4 bats
  3 frilled lizards
  4 kobolds (D:1)
35 creatures vanquished.

Vanquished Creatures (others)
  7 plants (D:2)
7 creatures vanquished.

Grand Total: 42 creatures vanquished

Notes
Turn   | Place    | Note
-------+----------+-------------------------------------------
     0 | D:1      | dracfodder the Gargoyle Earth Elementalist began the quest
                  | for the Orb.
     0 | D:1      | Reached XP level 1. HP: 10/10 MP: 3/3
     2 | D:1      | Noticed a draconian
     2 | D:1      | Noticed an octopode
     4 | D:1      | Noticed a ghoul
     4 | D:1      | Noticed a demigod
     6 | D:1      | Noticed a naga
     6 | D:1      | Noticed a human
     8 | D:1      | Noticed a meteoran
    10 | D:1      | Noticed a demonspawn
    10 | D:1      | Noticed a minotaur
    12 | D:1      | Noticed a troll
    12 | D:1      | Noticed a merfolk
    14 | D:1      | Noticed a spriggan
    14 | D:1      | Noticed a gargoyle
    16 | D:1      | Noticed a formicid
    18 | D:1      | Noticed a tengu
    18 | D:1      | Noticed a vampire
    20 | D:1      | Noticed an ogre
    20 | D:1      | Noticed a vine stalker
    22 | D:1      | Noticed a felid
    22 | D:1      | Noticed an armataur
    24 | D:1      | Noticed a vampire
    26 | D:1      | Noticed a troll
    26 | D:1      | Noticed a meteoran
   177 | D:1      | Reached XP level 2. HP: 14/15 MP: 1/5
   222 | D:1      | Learned a level 2 spell: Passwall
   334 | D:1      | Reached skill level 4 in Earth Magic
   897 | D:2      | Reached XP level 3. HP: 19/19 MP: 2/6
  1267 | D:2      | Found a faded altar of an unknown god.
  1459 | D:2      | Reached skill level 5 in Earth Magic
  1459 | D:2      | Reached XP level 4. HP: 24/24 MP: 4/8
  1491 | D:2      | Noticed Sigmund
  1520 | D:2      | Slain by Sigmund

Illustrated notes

Levels and vault maps discovered:
D:1:      kb_arrival_jail, layout_rooms
D:2:      layout_basic, basic_altar, nicolae_ecumenical_snake_handling,
          nicolae_grassy_gnolls, uniq_crazy_yiuf_cottage, uniq_sigmund

Skill      XL: |  1  2  3 |
---------------+----------+-----
Earth Magic    | 4 5 |  5.0
Dodging        | |  1.7
Stealth        | |  2.4
Spellcasting   | |  2.7
Transmutations | |  0.7

Action                   |  1- 3 |  4- 6 || total
-------------------------+-------+-------++-------
Melee: Whip              |       |     7 ||     7
 Fire: Sling             |    15 |     1 ||    16
Throw: Stone             |     6 |       ||     6
 Cast: Sandblast         |    45 |       ||    45
  Use: Potion            |       |     4 ||     4
Armor: Robe              |     3 |       ||     3
Dodge: Dodged            |     6 |       ||     6

Table legend: (Time is in decaauts)
 A = Elapsed time spent in this place.
 B = Non-inter-level travel time spent in this place.
 C = Inter-level travel time spent in this place.
 D = Time resting spent in this place.
 E = Time spent auto-exploring this place.
 F = Levels seen in this place.
 G = Mean time per level.
                   A        B        C        D        E       F      G
               +--------+--------+--------+--------+--------+-----+--------+
         Total |   1544 |   1537 |      7 |    241 |    899 |   2 |  772.0 |
       Dungeon |   1544 |   1537 |      7 |    241 |    899 |   2 |  772.0 |
               +--------+--------+--------+--------+--------+-----+--------+

Top non-repeatable levels by time:
     D:1: 838 daAuts
     D:2: 705 daAuts
